 Dungeon Crawl Stone Soup version 0.20.1-1-g8b1a95d (webtiles) character file.

14591 Linguinho the Unseen (level 11, 0/52 HPs)
             Began as a Spriggan Enchanter on Oct 31, 2017.
             Was an Elder of Ashenzari.
             Slain by a two-headed ogre
             ... wielding a +0 giant club
              (3 damage)
             ... on level 11 of the Dungeon.
             The game lasted 00:43:39 (11269 turns).

Linguinho the Unseen (Spriggan Enchanter)          Turns: 11269, Time: 00:43:41

Health: 0/52       AC:  4    Str:  4    XL:     11   Next: 90%
Magic:  26/26      EV: 25    Int: 16    God:    Ashenzari [****..]
Gold:   710        SH:  0    Dex: 24    Spells: 19/31 levels left

rFire    x . .     SeeInvis +   l - +4 dagger (curse)
rCold    + . .     Gourm    .   (shield restricted)
rNeg     . . .     Faith    .   b - +0 robe
rPois    +         Spirit   .   (helmet restricted)
rElec    .         Reflect  .   u - +1 cloak (curse)
rCorr    .         Harm     .   (gloves unavailable)
MR       +....     Clarity  +   (boots unavailable)
Stlth    +++++++...             r - amulet of rage
Regen    0.2/turn               m - +1 ring of evasion (curse)
MPRegen  0.2/turn               O - ring "Mirren Vuaja" {Ice rPois Dex+3} (curse)

@: very quick
A: unfitting armour, see invisible, herbivore 3, speed 3, slow metabolism 2
a: Curse Item, Scrying, Renounce Religion, Evoke Berserk Rage


You were on level 11 of the Dungeon.
You worshipped Ashenzari.
Ashenzari was greatly pleased with you.
You were not hungry.

You visited 1 branch of the dungeon, and saw 11 of its levels.

You collected 710 gold pieces.

Inventory:

Hand Weapons
 a - a +1 dagger
 l - a cursed +4 dagger (weapon)
 M - the +4 dagger of Cokhisomau {flame, *Noise rPois rC++ rN+++}
   (You found it on level 10 of the Dungeon)

   It has been specially enchanted to burn those struck by it, causing extra
   injury to most foes and up to half again as much damage against particularly
   susceptible opponents.
   It greatly protects you from cold.
   It protects you from poison.
   It renders you almost immune to negative energy.
   It may make noises in combat.
Armour
 b - a +0 robe (worn)
 i - a scarf of resistance
 u - a cursed +1 cloak (worn)
Jewellery
 m - a cursed +1 ring of evasion (left hand)
 r - an amulet of rage (around neck)
 A - an uncursed ring of resist corrosion
 D - a +2 ring of strength
 O - the cursed ring "Mirren Vuaja" (right hand) {Ice rPois Dex+3}
   (You found it on level 11 of the Dungeon)

   [ring of ice]

   It enhances your ice magic.
   It affects your dexterity (+3).
   It makes you vulnerable to fire.
   It protects you from cold.
   It protects you from poison.
   It has a curse placed upon it.
Wands
 v - a wand of iceblast (4/15)
 y - a wand of paralysis (10/24)
 G - a wand of random effects (45/48)
 J - a wand of polymorph (16/24)
Scrolls
 f - a scroll of enchant weapon {unknown}
 g - 2 scrolls of amnesia
 h - 2 scrolls of identify
 k - a scroll of acquirement {unknown}
 s - 2 scrolls of fog
 H - 2 scrolls of fear
 I - a scroll of magic mapping
 N - a scroll of teleportation
 P - a scroll of remove curse
Potions
 e - 4 potions of degeneration {unknown}
 j - 2 potions of berserk rage
 n - 4 potions of haste
 o - a potion of cancellation {unknown}
 p - 4 potions of heal wounds
 q - a potion of might
 t - 3 potions of brilliance
 w - a potion of flight
 x - 4 potions of agility
 z - 5 potions of curing {unknown}
 K - a potion of resistance {unknown}
 L - a potion of mutation {unknown}
Books
 c - a book of Maledictions

   Spells                             Type                      Level
   a - Corona                         Hexes                        1
   b - Ensorcelled Hibernation        Hexes/Ice                    2
   c - Confuse                        Hexes                        3
   d - Tukima's Dance                 Hexes                        3
   e - Dazzling Spray                 Conjuration/Hexes            3
 C - a book of Battle

   Spells                             Type                      Level
   a - Infusion                       Charms                       1
   b - Shroud of Golubria             Charms/Translocation         2
   c - Song of Slaying                Charms                       2
   d - Spectral Weapon                Hexes/Charms                 3
   e - Regeneration                   Charms/Necromancy            3
 E - a book of Frost

   Spells                             Type                      Level
   a - Freeze                         Ice                          1
   b - Throw Frost                    Conjuration/Ice              2
   c - Ozocubu's Armour               Charms/Ice                   3
   d - Throw Icicle                   Conjuration/Ice              4
   e - Summon Ice Beast               Ice/Summoning                4
 F - a book of Flames

   Spells                             Type                      Level
   a - Flame Tongue                   Conjuration/Fire             1
   b - Throw Flame                    Conjuration/Fire             2
   c - Conjure Flame                  Conjuration/Fire             3
   d - Inner Flame                    Hexes/Fire                   3
   e - Sticky Flame                   Conjuration/Fire             4
   f - Fireball                       Conjuration/Fire             5
Comestibles
 d - 2 bread rations
 B - a royal jelly


   Skills:
 + Level 3.1 Fighting
 + Level 6.7(10.3) Short Blades
 + Level 6.6 Dodging
 + Level 16.7 Stealth
 + Level 10.8 Spellcasting
 + Level 0.4(1.3) Conjurations
 + Level 10.3(12.4) Hexes
 + Level 4.9(7.1) Ice Magic
 + Level 0.6(1.7) Evocations


You had 19 spell levels left.
You knew the following spells:

 Your Spells              Type           Power        Failure   Level  Hunger
a - Corona                Hex            #####..      1%          1    None
b - Ensorcelled Hibernat  Hex/Ice        ######       1%          2    None
c - Confuse               Hex            #####...     1%          3    None
d - Tukima's Dance        Hex            #####...     1%          3    None
e - Dazzling Spray        Conj/Hex       ####..       1%          3    None


Dungeon Overview and Level Annotations

Branches:
Dungeon (11/15)            Temple (0/1) D:7            Lair (0/6) D:9
    Orc (0/2) D:9

Altars:
Ashenzari
Elyvilon
Fedhas
Gozag
Nemelex Xobeh
Trog
The Shining One

Annotations:
D:9 HammerPanzer's ghost, novice MiBe


Innate Abilities, Weirdness & Mutations

You are very small and have problems with some larger weapons.
You are too small for most types of armour.
You have supernaturally acute eyesight. (SInv)
You are a herbivore.
You cover ground extremely quickly.
You need consume almost no food.


Message History

You open the door.
There is an open door here.
You found a teleport trap!
You open the door.
There is an open door here.
The two-headed ogre is too close now for your liking.
You catch the helpless two-headed ogre completely off-guard!
You spit the two-headed ogre like a pig!!!
The two-headed ogre is almost dead.
The two-headed ogre hits you with a giant club!!
The two-headed ogre closely misses you.
You hit the two-headed ogre but do no damage.
The two-headed ogre is almost dead.
You hit the two-headed ogre but do no damage.
The two-headed ogre is almost dead.
The two-headed ogre hits you with a giant club!!
Ouch! That really hurt!
* * * LOW HITPOINT WARNING * * *
The two-headed ogre hits you with a giant spiked club.
You die...

..................##.#
#....#
##.....###.........#.##
#....# ....####
#.........#..# #....#
....# #.........##.##
#....#
....##########'###.##..#
#....#
##.............###...(.##
#....#
############.......###..#
##.... #...O...# #..#
#.#<# #....@..# #).# #.#.#
#.......# #..## #.#..
#.......###...####'###
#...........#.........
#########'#######.........
#.........# #.........
#.........#######.........
#.........'........###'###
#.........###..##..#...#


You could see a two-headed ogre.

Vanquished Creatures
  Erica (D:11)
  7 two-headed ogres
  An ogre mage (D:11)
  An unseen horror (D:10)
  Pikel (D:6)
  The ghost of keltmir the Transmogrifier, a novice DrTm of Makhleb (D:8)
  An ugly thing (D:11)
  An elephant (D:9)
  A gargoyle (D:11)
  4 hippogriffs
  4 yaks (D:11)
  A wyvern (D:8)
  2 hungry ghosts
  4 phantoms
  2 orc warriors
  2 black bears
  2 ice beasts
  6 sky beasts
  6 ogres
  4 centaurs
  2 crocodiles (D:9)
  5 bullfrogs
  A wyvern zombie (D:9)
  A wyvern skeleton (D:10)
  3 scorpions
  4 killer bees (D:8)
  9 wights (D:6)
  A howler monkey (D:7)
  3 electric eels (D:10)
  2 crimson imps
  2 orc priests
  6 hounds
  3 jellies
  5 orc wizards
  Crazy Yiuf (D:3)
  A bullfrog skeleton (D:5)
  5 iguanas
  9 worker ants
  A hound zombie (D:10)
  8 adders
  A gnoll (D:4)
  A howler monkey skeleton (D:4)
  2 shadow imps
  2 oozes
  3 adder skeletons
  A worm (D:5)
  4 dart slugs
  4 leopard geckos
  22 orcs
  2 giant cockroaches
  7 goblins
  9 hobgoblins
  8 jackals
  5 kobolds
  2 quokkas
  3 ball pythons
  6 bats
  5 frilled lizards
  8 rats
219 creatures vanquished.

Notes
Turn   | Place    | Note
-------+----------+-------------------------------------------
     0 | D:1      | Linguinho the Spriggan Enchanter began the quest for the Orb.
     0 | D:1      | Reached XP level 1. HP: 9/9 MP: 5/5
   205 | D:1      | Reached XP level 2. HP: 13/13 MP: 6/6
   209 | D:1      | Learned a level 2 spell: Ensorcelled Hibernation
   290 | D:1      | Reached skill level 5 in Stealth
  1073 | D:1      | Reached XP level 3. HP: 12/17 MP: 0/8
  1156 | D:1      | Learned a level 3 spell: Confuse
  1290 | D:2      | Found a shattered altar of Ashenzari.
  1295 | D:2      | Became a worshipper of Ashenzari the Shackled
  1855 | D:3      | Found a runed door.
  1890 | D:3      | Found a bloodstained altar of Trog.
  1923 | D:3      | Reached skill level 6 in Stealth
  1923 | D:3      | Reached XP level 4. HP: 5/21 MP: 1/9
  2551 | D:3      | Found a blossoming altar of Fedhas.
  2555 | D:3      | Found a glowing golden altar of the Shining One.
  2560 | D:3      | Found a white marble altar of Elyvilon.
  2598 | D:3      | Noticed Crazy Yiuf
  2605 | D:3      | Killed Crazy Yiuf
  2605 | D:3      | Reached skill level 1 in Fighting
  2874 | D:4      | Reached XP level 5. HP: 21/25 MP: 10/10
  2989 | D:4      | Reached * piety under Ashenzari
  3392 | D:4      | Reached skill level 7 in Stealth
  3532 | D:4      | Reached XP level 6. HP: 22/30 MP: 0/12
  4195 | D:5      | Entered Level 5 of the Dungeon
  4223 | D:5      | Reached skill level 5 in Hexes
  4315 | D:5      | Reached skill level 1 in Ice Magic
  4354 | D:5      | Reached XP level 7. HP: 33/33 MP: 7/14
  4368 | D:5      | Reached skill level 8 in Stealth
  4616 | D:5      | Found an opulent altar of Gozag.
  4616 | D:5      | Found a sparkling altar of Nemelex Xobeh.
  4823 | D:5      | Reached skill level 9 in Stealth
  5214 | D:6      | Reached XP level 8. HP: 39/39 MP: 5/16
  5405 | D:6      | Reached ** piety under Ashenzari
  5713 | D:6      | Reached skill level 5 in Spellcasting
  5720 | D:6      | Reached skill level 10 in Stealth
  6044 | D:6      | Noticed Pikel
  6426 | D:6      | Killed Pikel
  6710 | D:7      | Noticed a hippogriff
  6716 | D:7      | Killed a hippogriff
  6716 | D:7      | Reached skill level 11 in Stealth
  6716 | D:7      | Reached XP level 9. HP: 42/42 MP: 19/19
  6728 | D:7      | Reached skill level 5 in Dodging
  6862 | D:7      | Reached skill level 5 in Short Blades
  7140 | D:7      | Learned a level 3 spell: Tukima's Dance
  7144 | D:7      | Learned a level 3 spell: Dazzling Spray
  7158 | D:7      | Found a staircase to the Ecumenical Temple.
  7457 | D:7      | Reached skill level 12 in Stealth
  7661 | D:8      | Reached *** piety under Ashenzari
  7957 | D:8      | Noticed keltmir's ghost (novice DrTm)
  7967 | D:8      | Killed keltmir's ghost
  7967 | D:8      | Reached skill level 13 in Stealth
  7991 | D:8      | Reached XP level 10. HP: 47/47 MP: 13/22
  8061 | D:8      | Noticed a two-headed ogre
  8063 | D:8      | Killed a two-headed ogre
  8584 | D:9      | Reached skill level 14 in Stealth
  8618 | D:9      | Found a staircase to the Orcish Mines.
  8655 | D:9      | Noticed an elephant
  8683 | D:9      | Killed an elephant
  8791 | D:9      | Noticed HammerPanzer's ghost (novice MiBe)
  8792 | D:9      | Found a staircase to the Lair.
  8820 | D:10     | Entered Level 10 of the Dungeon
  9273 | D:10     | Identified the +4 dagger of Cokhisomau {flame, *Noise rPois rC++ rN+++}
  9273 | D:10     | Noticed an unseen horror
  9293 | D:10     | Killed an unseen horror
  9293 | D:10     | Reached skill level 15 in Stealth
 10178 | D:10     | Reached **** piety under Ashenzari
 10414 | D:11     | Identified the ring "Mirren Vuaja" {Ice rPois Dex+3}
 10447 | D:11     | Reached XP level 11. HP: 51/51 MP: 25/25
 10639 | D:11     | Noticed a two-headed ogre
 10641 | D:11     | Noticed a two-headed ogre
 10642 | D:11     | Noticed a two-headed ogre
 10644 | D:11     | Noticed a two-headed ogre
 10647 | D:11     | Noticed a two-headed ogre
 10647 | D:11     | Noticed a brown ugly thing
 10648 | D:11     | Killed a two-headed ogre
 10649 | D:11     | Noticed an ogre mage
 10656 | D:11     | Killed a two-headed ogre
 10677 | D:11     | Killed an ogre mage
 10723 | D:11     | Killed a two-headed ogre
 10723 | D:11     | Reached skill level 16 in Stealth
 10723 | D:11     | Reached skill level 10 in Spellcasting
 10935 | D:11     | Noticed a two-headed ogre
 10969 | D:11     | Killed a brown ugly thing
 10979 | D:11     | Killed a two-headed ogre
 10979 | D:11     | Reached skill level 10 in Hexes
 10988 | D:11     | Killed a two-headed ogre
 11043 | D:11     | Noticed Erica
 11045 | D:11     | Killed Erica
 11163 | D:11     | Noticed a two-headed ogre
 11170 | D:11     | Killed a two-headed ogre
 11269 | D:11     | Slain by a two-headed ogre

Skill      XL: |  1  2  3  4  5  6  7  8  9 10 11 |
---------------+----------------------------------+-----
Stealth        | 5 6 7 9 11 13 15 16 | 16.7
Spellcasting   | 3 4 6 7 9 10 | 10.8
Hexes          | 4 5 7 8 9 10 | 10.3
Short Blades   | 2 3 4 5 6 |  6.7
Fighting       | 1 2 3 |  3.1
Ice Magic      | 1 2 3 4 |  4.9
Dodging        | 4 5 6 |  6.6
Conjurations   | |  0.4
Evocations     | |  0.6

Action                   |  1- 3 |  4- 6 |  7- 9 | 10-12 || total
-------------------------+-------+-------+-------+-------++-------
Melee: Dagger            |   127 |   101 |   195 |   207 ||   630
 Cast: Ensorcelled Hiber |    13 |    24 |    46 |    73 ||   156
       Corona            |     7 |     3 |     3 |     2 ||    15
       Confuse           |       |     3 |    20 |    20 ||    43
       Tukima's Dance    |       |       |       |     3 ||     3
       Dazzling Spray    |       |       |       |     5 ||     5
Invok: Curse Item        |     1 |       |       |     2 ||     3
 Abil: Evoke Berserk Rag |       |       |       |     1 ||     1
  Use: Scroll            |       |     6 |     9 |       ||    15
 Stab: Sleeping          |    25 |    11 |    36 |    51 ||   123
       Distracted        |       |     1 |     5 |     1 ||     7
       Confused          |       |     2 |    13 |     8 ||    23
  Eat: Royal jelly       |       |     1 |     2 |       ||     3
       Fruit             |       |       |     1 |     3 ||     4
       Bread ration      |       |       |       |     1 ||     1
Armor: Robe              |     8 |     5 |     4 |     8 ||    25
Dodge: Dodged            |    90 |    72 |   140 |   117 ||   419
